[Event "Prague Festival-Masters 2022"]
[Site "Prague"]
[Date "2022.06.11"]
[Round "4.4"]
[White "Anton Guijarro, David"]
[Black "Vallejo Pons, Francisco"]
[Result "0-1"]
[ECO "C02"]
[WhiteElo "2691"]
[BlackElo "2704"]
[Annotator "TA"]
[PlyCount "80"]
[EventDate "2022.06.07"]
[EventType "tourn"]
[EventCountry "CZE"]
[SourceTitle "playchess.com"]
[Source "ChessBase"]
[SourceQuality "1"]
[TimeControl "40/5400+30:1800+30"]

1. e4 e6 2. d4 d5 3. e5 c5 4. c3 Nc6 5. Nf3 Qb6 6. a3 Nh6 7. Bd3 cxd4 {[%emt 0:02:24] C02: French: Advance Variation.} 8. O-O (8. cxd4 $5 Bd7 9. Bc2 $11 (9. Bxh6 gxh6 10. Qe2 Nxd4 $17)) 8... Bd7 9. c4 {[%emt 0:24:15] 9.h3 is the modern continuation.} dxc4 {[%emt 0:06:14] The position is equal.} 10. Bxc4 {[%emt 0:01:55] [#]} Qc5 $146 ({Predecessor:} 10... O-O-O 11. b4 Kb8 12. Nbd2 f6 13. Re1 f5 14. Nb3 Bc8 15. Bg5 Ne7 16. Nbxd4 Nf7 17. Be3 Qc7 18. Qb3 Ka8 19. Nb5 Qd7 20. Bxa7 b6 21. Bxb6 {1-0 (21) Popovic,I (2001)-Djurisic,D (1906) Belgrade 2018}) 11. Nbd2 Nxe5 12. Nxe5 Qxe5 13. Nf3 Qc5 14. Qe2 Rc8 15. Bd3 Bd6 16. Bxh6 gxh6 17. Rad1 (17. Rfe1 $15) 17... Rd8 (17... Ba4 $17 18. Rde1 Bc6) 18. Rfe1 Qh5 19. Be4 Bb5 20. Qc2 O-O 21. a4 Ba6 {[%emt 0:02:22] aiming for ...Bb4.} 22. Bd3 ({White should try} 22. Bxh7+ $15 Kh8 23. Bd3) 22... Bxd3 $17 23. Qxd3 e5 (23... Rd7 $142 24. Re4 Be7) 24. Qe4 Rfe8 25. Nh4 {[%emt 0:00:50] Prevents f5.} Bb4 26. Rf1 Re6 27. Rd3 Rf6 {[%emt 0:00:26] [#] Against Nf5. Threatens to win with ...Rf4.} 28. g3 {[%emt 0:00:44] Inhibits Rf4.} b6 29. Kg2 a5 30. Kh3 Bf8 31. f3 {[%emt 0:01:09] [#]} Kh8 (31... Bc5 $1 $17 {Hoping for ...Kh8.} 32. f4 exf4 33. Rxf4 Rxf4 34. Qxf4 Rd5) 32. Rc1 {[%emt 0:00:33] Loses the game.} (32. f4 $1 $15 Be7 33. Rdf3) 32... Bc5 $19 33. b4 (33. Re1 {might work better.}) 33... Bxb4 34. Rc7 Qg5 35. f4 $2 (35. Ra7) 35... exf4 36. Rxd4 (36. Rc6 $142 Rxc6 37. Qxc6) 36... Rg8 {[%emt 0:00:14] ...Qg4+ is the strong threat.} 37. Qd5 Qg4+ 38. Kg2 Qxh4 (38... Qe2+ $142 39. Kh3 fxg3 40. Rc2 Qxc2 41. hxg3 Rf2 42. Ng2 Rg5 43. Rc4 Rxd5 44. Rxc2 Rh5+ 45. Kg4 Rg5+ 46. Kh3 Rh5+ 47. Kg4 Rg5+ 48. Kh3 Rxc2 49. Ne3 Rf2 50. Ng2 Bd6 51. Kh2 Bxg3+ 52. Kg1 Re5 53. Ne3 Rxe3 54. Kh1 Re1#) 39. Rxf7 Rxf7 40. Qxf7 f3+ {[%emt 0:00:00] Weighted Error Value: White=0.88/Black=0.39} 0-1

[Event "Prague Festival-Masters 2022"]
[Site "Prague"]
[Date "2022.06.11"]
[Round "4.5"]
[White "Shankland, Sam"]
[Black "Vidit, Santosh Gujrathi"]
[Result "1/2-1/2"]
[ECO "B22"]
[WhiteElo "2718"]
[BlackElo "2723"]
[Annotator "TA"]
[PlyCount "61"]
[EventDate "2022.06.07"]
[EventType "tourn"]
[EventCountry "CZE"]
[SourceTitle "playchess.com"]
[Source "ChessBase"]
[SourceQuality "1"]
[TimeControl "40/5400+30:1800+30"]

1. e4 c5 2. Nf3 e6 3. c3 d5 4. exd5 Qxd5 5. d4 Nf6 6. Na3 Nc6 7. Be3 {[%emt 0:03:22] Black should prevent Nb5. is the new trend.} (7. Bc4 $5 Qd7 8. O-O $11) 7... cxd4 {[%emt 0:02:06] B22: Sicilian: 2 c3.} (7... Ng4 {feels hotter.} 8. Bg5 Bd7 9. h3 Nf6) 8. Nb5 $1 {[%emt 0:00:12] [#] Strongly threatening Nc7+.} Qd7 {[%emt 0:02:20] Inhibits Nc7+.} 9. Nbxd4 Be7 10. Nxc6 Qxc6 11. Ne5 Qe4 12. Bb5+ Kf8 13. Nf3 {[%emt 0:02:27] [#]} Ng4 $146 ({Predecessor:} 13... Nd5 14. Bd3 Qg4 15. O-O Nf4 16. Bxf4 Qxf4 17. Re1 Bf6 18. Re4 Qd6 19. Bc2 Qc7 {0-1 (52) Zhou,G (2238)-Beerdsen,T (2482) Groningen 2019}) 14. Qd4 Qxd4 15. Bxd4 f6 16. h3 Nh6 17. O-O-O Nf5 {[%emt 0:07:51] [#]} 18. Bc5 $1 {[%emt 0:02:19] aiming for Rd8+.} Kf7 19. Bxe7 Kxe7 20. Rhe1 e5 21. Ba4 Rd8 {[%emt 0:06:48] The position is equal.} 22. Rxd8 Kxd8 23. Bc2 h6 24. Nd2 Bd7 25. g3 Nd6 26. h4 Kc7 27. Bg6 Be8 28. Bd3 Bf7 29. Kc2 b5 ({But not} 29... Bxa2 30. b3 $16) 30. f4 Re8 31. fxe5 {[%emt 0:01:08] A balanced but interesting game.  Weighted Error Value: White=0.03 (flawless) /Black=0.03 (flawless)} 1/2-1/2

[Event "Prague Festival-Masters 2022"]
[Site "Prague"]
[Date "2022.06.13"]
[Round "5.1"]
[White "Harikrishna, Pentala"]
[Black "Navara, David"]
[Result "1/2-1/2"]
[ECO "D85"]
[WhiteElo "2705"]
[BlackElo "2682"]
[Annotator "TA"]
[PlyCount "103"]
[EventDate "2022.06.07"]
[EventType "tourn"]
[EventCountry "CZE"]
[SourceTitle "playchess.com"]
[Source "ChessBase"]
[SourceQuality "1"]
[TimeControl "40/5400+30:1800+30"]

1. d4 Nf6 2. c4 g6 3. Nc3 d5 4. cxd5 Nxd5 5. e4 Nxc3 6. bxc3 Bg7 7. Nf3 c5 8. Bb5+ Nc6 9. O-O O-O 10. Bxc6 $1 {[%emt 0:00:46][%mdl 4] is currently scoring better than 10.Be3.} bxc6 11. Qc2 {[%emt 0:00:12] D85: Exchange Grünfeld: Unusual White 7th moves and lines with 7 Nf3.} cxd4 12. cxd4 Bg4 13. Ne5 $1 {[%emt 0:01:13] The position is equal.} Qxd4 14. Bb2 Qb4 15. Rab1 Bxe5 16. Bxe5 Qa5 17. Bc3 Qc5 18. Qb2 a5 19. Bd4 Qd6 20. Qc3 Be2 21. Rfe1 Bb5 {[%emt 0:00:13] [#]} 22. Bc5 $146 ({Predecessor:} 22. a4 Bxa4 23. Bh8 f6 24. e5 Qd8 25. exf6 exf6 26. Rb7 Rf7 27. Rxf7 Kxf7 {1-0 (64) Bluebaum,M (2642)-Ivic,V (2610) Terme Catez 2022}) 22... Qe6 23. Rbd1 a4 24. Rd2 Rfd8 25. h3 Rxd2 (25... Rab8 {is interesting.} 26. a3 Rxd2 27. Qxd2 Qe5) 26. Qxd2 Bc4 27. a3 Bb3 28. Qd4 Re8 29. Re2 f6 30. Rd2 g5 31. Qe3 Qe5 32. Bd4 (32. Rd7 {with more complications.} Kf7 33. Bb4 Kg6 34. f3) 32... Qf4 33. Qxf4 gxf4 $11 {[%emt 0:00:08][%mdl 4096] Endgame KRB-KRB} 34. Bb6 Kf7 35. Rd8 (35. Rd7 $11) 35... Rxd8 $15 36. Bxd8 {[%emt 0:00:06] KB-KB} e5 37. f3 Ke6 38. Kf2 Bc2 39. g3 fxg3+ 40. Kxg3 f5 41. exf5+ Bxf5 42. h4 Kd5 43. Kf2 Kd4 44. Ke2 c5 45. Kd2 Bg6 {[%emt 0:01:01] Hoping for ...Bh5.} 46. Ba5 {[%emt 0:00:00] [#]} Bh5 $1 47. Bc3+ Kd5 48. Ke3 Kc4 49. Bxe5 Kb3 50. Kd2 Bxf3 51. Bd6 Kxa3 (51... c4 $17 52. Kc1 Bd5) 52. Kc3 {[%emt 0:00:00] Weighted Error Value: White=0.06 (flawless) /Black=0.03 (flawless)} 1/2-1/2

[Event "Prague Festival-Masters 2022"]
[Site "Prague"]
[Date "2022.06.13"]
[Round "5.2"]
[White "Salem, A.R. Saleh"]
[Black "Nguyen, Thai Dai Van"]
[Result "1/2-1/2"]
[ECO "C54"]
[WhiteElo "2690"]
[BlackElo "2612"]
[Annotator "TA"]
[PlyCount "60"]
[EventDate "2022.06.07"]
[EventType "tourn"]
[EventCountry "CZE"]
[SourceTitle "playchess.com"]
[Source "ChessBase"]
[SourceQuality "1"]
[TimeControl "40/5400+30:1800+30"]

1. e4 e5 2. Nf3 Nc6 3. Bc4 Bc5 4. d3 Nf6 5. Bg5 h6 6. Bh4 d6 7. c3 {[%emt 0:00:08] now supersedes 7.h3.} a6 8. Nbd2 {[%emt 0:00:15][%cal Bb1d2,Bd2c4,Bc4b6][%mdl 32] C54: Giuoco Piano: 4 c3 Nf6, main lines with 5 d4 and 5 d3.} Ba7 9. O-O Qe7 10. a4 {[%emt 0:00:17] White is slightly better.} Be6 11. b4 O-O 12. Re1 Bxc4 13. Nxc4 Qe6 14. b5 Ne7 15. Bxf6 Qxf6 16. Rb1 Qe6 {[%emt 0:19:50] [#]} 17. b6 $146 ({Predecessor:} 17. a5 axb5 18. Rxb5 Rab8 19. Qb3 Ng6 20. Nb6 Bxb6 21. axb6 c6 22. Qxe6 fxe6 23. Ra5 {0-1 (69) Vocaturo,D (2600)-Ostrovskiy,A (2438) Germany 2017}) 17... cxb6 18. Nxb6 Rab8 19. Re2 Ng6 20. Reb2 {[%emt 0:08:04] The position is equal.} f5 21. Qb3 Qxb3 22. Rxb3 {[%emt 0:00:01] [#] aiming for Nd7.} Bxb6 23. Rxb6 Nf4 24. Rxd6 fxe4 25. dxe4 {[%emt 0:05:30] Hoping for Kf1.} Ne2+ 26. Kf1 Nxc3 27. Rb4 a5 28. Rc4 Rbc8 29. Nxe5 Rxc4 30. Nxc4 Nxe4 {[%emt 0:00:06] Weighted Error Value: White=0.02 (flawless) /Black=0.02 (flawless)} 1/2-1/2

[Event "Prague Festival-Masters 2022"]
[Site "Prague"]
[Date "2022.06.13"]
[Round "5.3"]
[White "Le, Quang Liem"]
[Black "Anton Guijarro, David"]
[Result "1/2-1/2"]
[ECO "D43"]
[WhiteElo "2709"]
[BlackElo "2691"]
[Annotator "TA"]
[PlyCount "130"]
[EventDate "2022.06.07"]
[EventType "tourn"]
[EventCountry "CZE"]
[SourceTitle "playchess.com"]
[Source "ChessBase"]
[SourceQuality "1"]
[TimeControl "40/5400+30:1800+30"]

1. d4 Nf6 2. c4 e6 3. Nf3 d5 4. Nc3 c6 5. Bg5 h6 6. Bxf6 Qxf6 7. e3 Nd7 8. Bd3 dxc4 9. Bxc4 g6 10. O-O Bg7 11. Re1 {[%emt 0:00:12] D43: Semi-Slav: 5 Bg5 h6.} O-O 12. e4 e5 13. d5 Nb6 14. Bb3 Rd8 15. h3 a5 16. Rc1 Bd7 17. a3 a4 18. Ba2 h5 19. Qe2 Bh6 20. Rc2 {[%emt 0:02:45] [#]} h4 $146 ({Predecessor:} 20... Rac8 21. dxc6 Rxc6 22. Bd5 Rc7 23. Rd1 Rdc8 24. Ba2 Bc6 25. Ne1 Kh7 26. Rd3 Qe7 {½-½ (36) Greig,S (2164)-Garau,B (2288) ICCF email 2014}) 21. dxc6 Bxc6 22. Nd5 (22. Nh2 $142) 22... Nxd5 $11 23. exd5 Bxd5 24. Bxd5 Rxd5 25. Nxe5 Bg7 26. Nf3 b5 27. Rd1 (27. Qe4 $11 {keeps the balance.} Rad8 28. Qb4) 27... Rxd1+ $17 28. Qxd1 Rd8 29. Qe2 Qf4 30. Kf1 {[%emt 0:02:02] [#]} Rb8 (30... Rd5 $1 $17) 31. Qd2 Qe4 32. Qe2 Qb7 33. Qd2 Qe7 34. Qe2 Qf6 35. Ne1 Qd6 36. Rd2 Qc7 37. Rc2 {[%emt 0:00:20] Inhibits Qc1.} Qd6 38. Rd2 $1 Qf4 39. Qe3 Qc4+ 40. Qd3 Qf4 41. Qe3 $1 Qc4+ 42. Qd3 $1 Qc1 (42... Qe6 $15) 43. Qc2 $11 Qa1 {[%emt 0:01:01] [#] Hoping for ...Re8.} 44. Re2 {[%emt 0:00:08] Against Re8} Rd8 45. Qc6 Bxb2 46. Qxb5 Bc3 47. Qxa4 Rd1 48. Qe8+ Kg7 49. a4 Qb1 {[%emt 0:01:39] Threatens to win with ...Qd3.} 50. g4 {[%emt 0:10:42] The position is equal.} Qb7 51. Qe4 {[%emt 0:02:59] Prevents Qh1+.} Qxe4 52. Rxe4 {[%emt 0:00:01][%mdl 4096] Endgame KRB-KRN} f5 53. gxf5 gxf5 54. Re3 Bb4 55. f4 Ra1 56. Re2 Bd6 57. Rf2 Kf6 58. Ke2 Rxa4 59. Ng2 Ra2+ 60. Kf1 Ra1+ 61. Ke2 Bc5 62. Rf3 Ra2+ 63. Kf1 Ra1+ 64. Ke2 Ra2+ 65. Kf1 Ra1+ {[%emt 0:01:49] Weighted Error Value: White=0.07 (flawless) /Black=0.07 (flawless)} 1/2-1/2

[Event "Prague Festival-Masters 2022"]
[Site "Prague"]
[Date "2022.06.13"]
[Round "5.4"]
[White "Vidit, Santosh Gujrathi"]
[Black "Maghsoodloo, Parham"]
[Result "1/2-1/2"]
[ECO "A31"]
[WhiteElo "2723"]
[BlackElo "2699"]
[Annotator "TA"]
[PlyCount "151"]
[EventDate "2022.06.07"]
[EventType "tourn"]
[EventCountry "CZE"]
[SourceTitle "playchess.com"]
[Source "ChessBase"]
[SourceQuality "1"]
[TimeControl "40/5400+30:1800+30"]

1. Nf3 c5 2. c4 Nc6 3. d4 cxd4 4. Nxd4 Qb6 5. e3 Nf6 6. Nc3 g6 {[%emt 0:00:24] A31: Symmetrical English: 2 Nf3 Nf6 3 d4.} 7. Be2 Bg7 8. O-O O-O {[%emt 0:00:09] White is slightly better.} 9. b3 d5 {[%emt 0:15:00] [#]} 10. Nxc6 $146 ({Predecessor:} 10. cxd5 Nxd4 11. exd4 Qa5 12. Bd2 Nxd5 13. Rc1 Nxc3 14. Bxc3 Qb6 15. d5 Rd8 16. Qd2 Bxc3 17. Rxc3 {½-½ (28) Dimazana,E (2291)-Gelman,M (2097) San Antonio 1997}) 10... bxc6 11. Bb2 Rd8 12. Na4 Qc7 13. Qc1 Qb8 14. Qc3 Bf5 15. Rfd1 Ne8 16. Qa5 Bxb2 17. Nxb2 Nf6 18. Rac1 Qe5 19. Qc3 (19. Nd3 {seems wilder.} Bxd3 20. Rxd3 Ne4 21. Bf3) 19... Qxc3 20. Rxc3 e5 21. f3 d4 22. exd4 exd4 23. Rcc1 c5 24. g4 Be6 25. Nd3 Rac8 26. Kf2 a5 27. a3 Nd7 28. Rd2 a4 29. bxa4 Nb6 (29... Ra8 $15 {is more appropriate.} 30. Bd1 Rdb8) 30. a5 Na4 31. Bd1 Nc3 32. Bb3 Rd7 {[%emt 0:00:49][%mdl 1024] Black has compensation.} 33. a6 $1 Kf8 34. Re1 Ke7 35. f4 $2 (35. Nf4 $1 $11 {and White stays safe.}) 35... Kd6 $19 36. f5 gxf5 37. gxf5 Bxf5 {[%emt 0:00:31] aiming for ...Ne4+.} 38. Nxc5 Rxc5 (38... Kxc5 $17 39. Re5+ Kb6 40. Rxf5 Ne4+ 41. Ke1 Nxd2 42. Kxd2 Re7) 39. Rxd4+ $15 Kc7 40. Rxd7+ Kxd7 41. a7 $1 Ne4+ 42. Ke3 ({Only move:} 42. Kg2 $1 $15 Rc8 43. Ba4+ Kc7 44. Bc2 Rg8+ 45. Kf1 Nd2+ 46. Ke2 Bxc2 47. Kxd2) 42... Ra5 $19 43. Rd1+ {[%emt 0:03:48] [#]} Ke6 $1 44. c5+ Ke5 (44... Ke7 $17 45. Bd5 (45. Rf1 $2 Bg6 $19) 45... Nc3) 45. Rd5+ $15 Kf6 {[%emt 0:00:01] Hoping for ...Nc3.} 46. Bc2 {[%emt 0:12:26] [#]} (46. Kf4 $15 Bg6 47. h4 (47. Bc2 $2 Ng5 $19)) 46... Ng3 $1 $17 (46... Rxa3+ 47. Kf4 Be6 48. Rd8 Rxa7 49. Bxe4 $11) 47. Rd6+ (47. hxg3 $17 {might work better.} Bxc2 48. Rd7) 47... Ke7 (47... Ke5 $19 {has better winning chances.} 48. hxg3 Bxc2) 48. Bd1 (48. hxg3 $2 Bxc2 49. Kd2 Bg6 $19) 48... Ne4 49. Bf3 Nxc5 ({Much worse is} 49... Nxd6 50. cxd6+ Kxd6 51. a8=Q Rxa8 52. Bxa8 $11) 50. Rd5 {[%emt 0:00:17] Threatens to win with Rxc5.} Rxa3+ 51. Ke2 {[%emt 0:00:43] [#]} Ne6 52. Rxf5 {[%emt 0:00:08][%mdl 4096] Endgame KRB-KRN} Nd4+ 53. Kf2 Ra2+ ({Much weaker is} 53... Nxf3 $6 54. a8=Q Rxa8 55. Kxf3 $15) ({But not} 53... Rxa7 $6 54. Rh5 $11) 54. Kf1 Rxa7 ({Black should play} 54... Nxf5 $17 55. a8=Q Rxa8 56. Bxa8 Kd6) 55. Rf4 $15 Ra1+ 56. Kf2 Ra2+ 57. Kg3 Rd2 {[%emt 0:00:05] White must now prevent ...Rd3.} 58. Bh5 f5 59. Rh4 Kf6 60. Be8 Kg7 61. Kf4 Re2 62. Bh5 Re4+ 63. Kg3 Kh6 {[%emt 0:01:02][%cal Of5f4] Strongly threatening ...f4+!} 64. Bd1+ Kg5 65. Rxh7 {[%emt 0:00:19] The position is equal.} Re1 66. Bh5 f4+ 67. Kf2 Rc1 68. Rd7 Rc2+ 69. Ke1 Nf5 70. Be2 Ne3 71. h3 Rc1+ 72. Kf2 Rh1 73. Bg4 Rf1+ 74. Ke2 Kh4 75. Rg7 Rg1 76. Kf3 {[%emt 0:00:08] And White is the lucky defender.  Weighted Error Value: White=0.13 (very precise) /Black=0.09 (flawless)} 1/2-1/2

[Event "Prague Festival-Masters 2022"]
[Site "Prague"]
[Date "2022.06.13"]
[Round "5.5"]
[White "Vallejo Pons, Francisco"]
[Black "Shankland, Sam"]
[Result "1/2-1/2"]
[ECO "C47"]
[WhiteElo "2704"]
[BlackElo "2718"]
[Annotator "TA"]
[PlyCount "26"]
[EventDate "2022.06.07"]
[EventType "tourn"]
[EventCountry "CZE"]
[SourceTitle "playchess.com"]
[Source "ChessBase"]
[SourceQuality "1"]
[TimeControl "40/5400+30:1800+30"]

1. e4 e5 2. Nf3 Nc6 3. Nc3 Nf6 4. g3 d5 5. exd5 Nxd5 6. Bg2 Nxc3 7. bxc3 Bd6 8. O-O O-O 9. d4 {[%emt 0:01:25] The position is equal.} Bf5 {[%emt 0:06:54] [#] C47: Scotch Four Knights and Four Knights with 4 g3.} 10. Nh4 $5 $146 {[%emt 0:04:13][%mdl 8] New and interesting.} ({Predecessor:} 10. Rb1 Rb8 11. Re1 Re8 12. dxe5 Nxe5 13. Nxe5 Rxe5 14. Rxe5 Bxe5 15. Qe2 Bxc3 16. Rxb7 Rxb7 17. Bxb7 h6 18. Qf3 Qf6 19. Be4 Bxe4 20. Qxe4 {½-½ (27) Lu,S (2620)-Zhou,W (2606) China 2017}) 10... Bd7 11. Nf3 Bf5 12. Nh4 Bd7 13. Nf3 Bf5 {[%emt 1:19:36] An uneventful encounter.  Weighted Error Value: White=0.09 (flawless) /Black=0.00 (flawless)} 1/2-1/2

[Event "Prague Festival-Masters 2022"]
[Site "Prague"]
[Date "2022.06.14"]
[Round "6.1"]
[White "Le, Quang Liem"]
[Black "Salem, A.R. Saleh"]
[Result "1-0"]
[ECO "E92"]
[WhiteElo "2709"]
[BlackElo "2690"]
[Annotator "TA"]
[PlyCount "103"]
[EventDate "2022.06.07"]
[EventType "tourn"]
[EventCountry "CZE"]
[SourceTitle "playchess.com"]
[Source "ChessBase"]
[SourceQuality "1"]
[TimeControl "40/5400+30:1800+30"]

1. Nf3 Nf6 2. c4 g6 3. Nc3 Bg7 4. e4 d6 5. d4 O-O 6. Be2 e5 7. d5 a5 8. Bg5 h6 9. Bh4 Na6 10. Nd2 Qe8 11. a3 Bd7 {[%emt 0:01:01] E92: King's Indian: Classical: 6 Be2 e5: 7 dxe5, 7 Be3 and Petrosian System without 7...Nbd7.} 12. Qc2 Nc5 13. f3 {[%emt 0:03:06] [#]} Nh5 $146 {[%emt 0:01:33] White is slightly better.} ({Predecessor:} 13... a4 14. Bf2 Qb8 15. O-O-O c6 16. h4 cxd5 17. exd5 Rc8 18. Bxc5 Rxc5 19. g4 e4 20. Ndxe4 Nxe4 21. Nxe4 {½-½ (35) Robin,J (2135)-Walton,J (2114) FICGS email 2020}) 14. Bf2 f5 15. Bxc5 dxc5 16. O-O-O a4 17. Kb1 (17. exf5 $16 gxf5 18. g3) 17... Qd8 (17... f4 $14) 18. exf5 $1 $16 gxf5 19. Rhe1 Nf4 20. Bf1 Ra6 21. g3 Ng6 22. Ka2 h5 23. Ndb1 (23. Be2 $16) 23... e4 $14 24. fxe4 f4 $1 25. gxf4 Rxf4 26. Nb5 Be5 27. N1c3 (27. Be2 $16) 27... Raf6 $11 {[%emt 0:01:08] Inhibits d6.} 28. Nxa4 Rf2 29. Be2 b6 30. Nac3 Rxh2 31. Na7 (31. Rd2 $1 $11) 31... Rff2 $1 $17 {[%emt 0:14:04] And now ...Bxc3 would win.} 32. Nc6 Bxc6 ({Black should play} 32... Qf6 $1 $17 {...Bxc3 is the strong threat.} 33. Nxe5 Nxe5) 33. dxc6 $11 Qf6 34. Nd5 (34. Rg1 $1 $11) 34... Qg5 $1 $17 {[%emt 0:00:55][%mdl 1024] Black has strong compensation.} (34... Qxc6 $6 35. Rd2 $11) 35. Qd3 (35. Rd2 $15) 35... Kh8 $19 36. Kb3 (36. Qc2 $17 {was worth a try.}) 36... h4 37. Ka4 Rf8 (37... Rhg2 $1 $17 {Strongly threatening ...Rg3.} 38. Ne3 Rg3 39. Qd8+ Rf8 40. Qxg5 Rxg5) 38. Rg1 Qh6 39. Rdf1 Bd4 (39... Rd8 $14) 40. Rxf8+ $1 $18 (40. Nxc7 $2 Bxg1 41. Ne6 Ra8+ 42. Kb3 Qe3 43. Qxe3 Bxe3 $19) 40... Nxf8 41. Rf1 {[%emt 0:05:08] White is more active.} (41. Rg4 $1 $16 {aiming for e5.} Qxc6+ 42. Kb3) 41... Qxc6+ $14 42. Kb3 Ng6 ({Better is} 42... Nh7 $1 $14) 43. Qf3 (43. Rf5 $1 $16 ) 43... Qd6 (43... Qe6 $5 44. Nf4 Nxf4 45. Qxf4 Rh3+ 46. Ka2 Bg7 $14) 44. Ka2 (44. Qf5 $5 ) 44... c6 $1 45. Ne3 $36 {[%emt 0:00:37][%mdl 2048] Black must now prevent Qh5+. White is pushing.} (45. Nxb6 Qg3 46. Qf5 Bxb2 47. Qh5+ Kg7 48. Kxb2 Qg2 $17) (45. Qh5+ $2 Kg7 46. Nxb6 Bxb2 $1 $19) 45... Bxe3 (45... Bg7 $1 $11 46. Qh5+ Kg8) 46. Qxe3 $16 Kg7 {[%emt 0:00:05] Inhibits Qh6+.} (46... Ne5 $2 47. Rf5 Rxe2 48. Qxe2 $18) (46... Rg2 $16 {might work better.}) 47. Rg1 $2 ({Only move:} 47. Rf5 $1 $18) 47... Qe5 $14 (47... Qd4 $2 48. Qxd4+ cxd4 49. Bh5 $18) 48. Qf3 $1 Kh6 $2 (48... Qf6 $2 49. Qg4 (49. Qh5 Rh3 $16) 49... Rf2 50. e5 $18) ({Black should try} 48... h3 $14) 49. Qf7 $18 Nf4 (49... Ne7 $2 50. Rg7 $3 Qxe4 51. Rg4 $1 (51. Qxe7 Qxe7 52. Rxe7 Rf2 $18) 51... Qxg4 52. Bxg4) 50. Qf8+ Kh7 {[%emt 0:00:01] [#]} 51. Rd1 $1 {[%emt 0:01:00] Intending Rd7+ and mate. The board is on fire.} Nd5 $2 {[%emt 0:01:41] [#]} (51... Nxe2 {leads to mate.} 52. Rd7+ Kg6 53. Qg8+) (51... Nh5 52. Rd7+ Ng7) 52. Rf1 $1 {[%emt 0:02:40] Quite a comeback for White.  Weighted Error Value: White=0.26 (precise) /Black=0.37} 1-0

[Event "Prague Festival-Masters 2022"]
[Site "Prague"]
[Date "2022.06.14"]
[Round "6.2"]
[White "Navara, David"]
[Black "Vidit, Santosh Gujrathi"]
[Result "1/2-1/2"]
[ECO "C42"]
[WhiteElo "2682"]
[BlackElo "2723"]
[Annotator "TA"]
[PlyCount "75"]
[EventDate "2022.06.07"]
[EventType "tourn"]
[EventCountry "CZE"]
[SourceTitle "playchess.com"]
[Source "ChessBase"]
[SourceQuality "1"]
[TimeControl "40/5400+30:1800+30"]

1. e4 e5 2. Nf3 Nf6 3. Nxe5 d6 4. Nf3 Nxe4 5. d4 d5 6. Bd3 Bd6 7. O-O O-O 8. c4 c6 9. cxd5 cxd5 10. Nc3 Re8 11. Re1 Nxc3 12. Rxe8+ Qxe8 13. bxc3 Nd7 {[%emt 0:00:39] The position is equal.} 14. Qb3 {[%emt 0:00:15] C42: Petroff Defence: 3 Nxe5 and unusual White 3rd moves.} Nb6 15. Ba3 Bxa3 16. Qxa3 h6 {[%emt 0:22:23] [#]} 17. h3 $146 (17. Ne5 {seems wilder.} Be6 18. Re1 Nd7 19. f4) ({Predecessor:} 17. Re1 Be6 18. h3 Qa4 19. Qd6 Qd7 20. Qg3 Re8 21. Ne5 Qc7 22. Bc2 Rc8 23. Qd3 {½-½ (37) Canamas Soler,J (2367)-Taffijn,M (2126) ICCF email 2020}) 17... Be6 18. Rb1 Qf8 19. Qa5 Qc8 20. Ne5 Nd7 21. f4 b6 22. Qa3 Nxe5 23. fxe5 Qf8 24. Qxf8+ Kxf8 $11 {[%emt 0:00:05][%mdl 4096] Endgame KRB-KRB} 25. Kf2 Rc8 26. Rc1 Ke7 27. Ke3 f6 28. exf6+ Kxf6 29. h4 Ke7 30. Kd2 Rf8 31. Rf1 {[%emt 0:01:04] Prevents Rf2+.} Rxf1 32. Bxf1 {[%emt 0:00:10] KB-KB} Kf6 33. Ke3 Bf5 34. g3 Be6 35. Bg2 g5 36. a3 Ke7 37. hxg5 hxg5 38. Bf1 {[%emt 0:00:24] A balanced but interesting game.  Weighted Error Value: White=0.01 (flawless) /Black=0.01 (flawless)} 1/2-1/2

[Event "Prague Festival-Masters 2022"]
[Site "Prague"]
[Date "2022.06.14"]
[Round "6.3"]
[White "Nguyen, Thai Dai Van"]
[Black "Harikrishna, Pentala"]
[Result "1/2-1/2"]
[ECO "C93"]
[WhiteElo "2612"]
[BlackElo "2705"]
[Annotator "TA"]
[PlyCount "103"]
[EventDate "2022.06.07"]
[EventType "tourn"]
[EventCountry "CZE"]
[SourceTitle "playchess.com"]
[Source "ChessBase"]
[SourceQuality "1"]
[TimeControl "40/5400+30:1800+30"]

1. e4 e5 2. Nf3 Nc6 3. Bb5 a6 4. Ba4 Nf6 5. O-O Be7 6. Re1 b5 7. Bb3 O-O 8. h3 d6 9. c3 Bb7 10. d4 Re8 11. Ng5 Rf8 12. Nf3 Re8 13. Nbd2 Bf8 14. a3 h6 15. Bc2 Nb8 16. b3 Nbd7 17. Bb2 g6 18. a4 Bg7 {[%emt 0:01:49] C93: Closed Ruy Lopez: Smyslov Variation.} 19. Bd3 c6 (19... Bc6 {keeps more tension.} 20. b4 d5 21. dxe5 Nxe4 22. axb5 axb5 23. Nd4 Rxa1 24. Bxa1 Nxe5 25. Nxc6 Nxc6 26. Nxe4 dxe4 27. Bxb5 Qxd1 28. Rxd1 Rd8) 20. Qc2 Rc8 {[%emt 0:03:34] White is slightly better.} 21. Bf1 Qc7 22. axb5 axb5 23. b4 {[%emt 0:04:14] [#]} Nb6 $146 (23... Kh7 $14) ({Predecessor:} 23... Kh7 24. Rad1 d5 25. exd5 cxd5 26. Bxb5 e4 27. Nh2 Qb6 28. Ba4 Bc6 29. Bxc6 Qxc6 30. Nb3 Nh5 31. Nc5 Qc7 {½-½ (36) Schreiber,E (2327)-Elyakim,D (2512) ICCF email 2018}) 24. dxe5 $1 $16 dxe5 25. c4 bxc4 26. Nxc4 Nfd7 27. Na5 Ba8 28. Rec1 Re6 29. Qb3 Qd8 30. Qe3 {[%emt 0:00:58] Inhibits c5.} Rb8 31. Nb3 {[%emt 0:04:55] 0x0.00222890e13edp-1022s more active pieces.} Re8 32. Bc3 Bb7 33. Na5 Ba8 34. Nb3 Bb7 35. Rd1 Ra8 36. Rxa8 Qxa8 37. Na5 Qc8 38. Ra1 (38. h4 $142) 38... Qc7 39. Nxb7 Qxb7 40. Nd2 Ra8 41. Ra5 c5 {[%emt 0:07:43] [#]} 42. Rxa8+ ({Better is} 42. b5 $1 $16) 42... Qxa8 $14 43. bxc5 Na4 44. Bb4 {[%emt 0:10:19] Threatens to win with Bb5.} Qc6 {[%emt 0:02:47] Inhibits Bb5.} 45. Bc4 {[%emt 0:02:22] aiming for Bd5.} Naxc5 46. Bd5 {[%emt 0:00:06] A strong pair of Bishops.} Qb6 47. Qc3 Bf8 48. Qc4 Qf6 49. Qb5 Nd3 {[%emt 0:03:34] The position is equal.} 50. Nf3 {[%emt 0:03:07] Bxf8 is the strong threat.} Nxb4 51. Qxd7 Nxd5 52. Qxd5 {[%emt 0:00:04] White really could win this.  Weighted Error Value: White=0.12 (very precise) /Black=0.10 (very precise)} 1/2-1/2